 Dungeon Crawl Stone Soup version 0.24-a0-249-g2af7e837d0 (webtiles) character file.

Game seed: 1916111537751407456

124 Redear the Skirmisher (level 4, -5/35 HPs)
             Began as a Demonspawn Skald on Apr 13, 2019.
             Slain by an orc
             ... wielding a +0 flail
              (6 damage)
             ... on level 3 of the Dungeon.
             The game lasted 00:04:12 (1729 turns).

Redear the Skirmisher (Demonspawn Skald)            Turns: 1729, Time: 00:04:13

Health: -5/35      AC:  5    Str: 11    XL:     4   Next: 81%
Magic:  6/7        EV: 12    Int: 15    God:
Gold:   47         SH:  0    Dex: 13    Spells: 6/7 levels left

rFire    . . .     SeeInvis .   a - +0 falchion
rCold    . . .     Gourm    .   (no shield)
rNeg     . . .     Faith    .   b - +0 leather armour
rPois    .         Spirit   .   (no helmet)
rElec    .         Reflect  .   (no cloak)
rCorr    +         Harm     .   (no gloves)
MR       .....                  (no boots)
Stlth    ..........             (no amulet)
HPRegen  0.11/turn              d - ring of attention (curse)
MPRegen  0.10/turn              g - ring of resist corrosion

@: infused
A: talons 1, molten scales 1
a: no special abilities


You were on level 3 of the Dungeon.
You were very hungry.

You visited 1 branch of the dungeon, and saw 3 of its levels.

You collected 47 gold pieces.

Inventory:

Hand Weapons
 a - a +0 falchion (weapon)
 e - a +0 vampiric dagger {!w}
 j - a cursed -1 dagger
Armour
 b - a +0 leather armour (worn)
 i - a +0 helmet
 k - a +0 pair of gloves
Jewellery
 d - a cursed ring of attention (left hand)
 g - a ring of resist corrosion (right hand)
Wands
 V - a wand of flame (13)
Scrolls
 c - a scroll of identify {unknown}
 f - a scroll of remove curse {unknown}
 m - a scroll of magic mapping {unknown}
 p - a scroll of amnesia {unknown}
 T - a scroll of teleportation {@r3}
Potions
 h - 2 potions of degeneration {unknown}
 l - a potion of brilliance {unknown}
 o - 2 potions of curing {unknown}
Comestibles
 z - 2 rations


   Skills:
 + Level 3.3 Fighting
 + Level 3.0 Long Blades
 - Level 0.8 Armour
 + Level 3.0 Dodging
 - Level 2.0 Spellcasting
 - Level 2.6 Charms


You had 6 spell levels left.
You knew the following spells:

 Your Spells              Type           Power        Failure   Level  Hunger
z - Infusion              Chrm           #...         10%         1    #......

Your spell library contained the following spells:

 Spells                   Type           Power        Failure   Level  Hunger
 Song of Slaying          Chrm           #.......     14%         2    ###....
 Shroud of Golubria       Chrm/Tloc      #.........   26%         2    ###....
 Regeneration             Chrm/Necr      #.........   45%         3    ###....
 Spectral Weapon          Hex/Chrm       #.......     45%         3    ###....


Dungeon Overview and Level Annotations

Branches:
Dungeon (3/15)

Altars:
Elyvilon
Fedhas

Annotations:
D:2 Sigmund


Innate Abilities, Weirdness & Mutations

You have sharp toenails.
You are partially covered in molten scales. (AC +2)


Message History

An orc is nearby!
The orc shouts!
You hear a shout!
An orc comes into view. It is wielding a +0 flail.
An orc comes into view. It is wielding a +0 short sword.
The orc shouts! x2
The orc hits you with a +0 flail.
* * * LOW HITPOINT WARNING * * *
You take 3 damage, and have 10/35 hp.
You closely miss the orc. The orc barely misses you.
You riposte.
You hit the orc but do no damage.
Casting: Infusion (safe; 10% risk of failure)
Confirm with . or Enter, or press ? or * to list all spells.
You begin infusing your attacks with magical energy.
The orc hits you with a +0 flail!
* * * LOW HITPOINT WARNING * * *
You take 8 damage, and have 2/35 hp.
MASSIVE DAMAGE!!
You now have 6/7 mp.
You barely miss the orc. The orc hits you with a +0 flail.
* * * LOW HITPOINT WARNING * * *
The orc hits you with a +0 flail.
You die...

+......≈≈≈≈≈≈......
+......≈≈≈≈≈≈.....
#......≈≈≈≈≈≈....
#......8≈≈≈≈8....
#................
##...............
##...)..........
##............#
##...@o.....##
##..oo....##
####o'#### ...#
..... .o##### ....#
... #.#.# ....
#.#.# ##.. #.#.#


You could see 4 orcs.

Vanquished Creatures
  Terence (D:2)
  Robin (D:2)
  An adder (D:2)
  2 oozes (D:1)
  A worm (D:3)
  2 orcs (D:3)
  2 ball pythons
  7 giant cockroaches
  18 goblins
  7 hobgoblins
  4 jackals (D:1)
  5 kobolds
  4 bats
  3 frilled lizards (D:1)
  8 rats
66 creatures vanquished.

Notes
Turn   | Place    | Note
-------+----------+-------------------------------------------
     0 | D:1      | Redear the Demonspawn Skald began the quest for the Orb.
     0 | D:1      | Reached XP level 1. HP: 16/16 MP: 3/3
    39 | D:1      | Reached skill level 2 in Long Blades
    39 | D:1      | Reached skill level 2 in Dodging
    39 | D:1      | Gained mutation: You are partially covered in molten
                  | scales. (AC +2) [demonic ancestry]
    39 | D:1      | Reached XP level 2. HP: 13/22 MP: 5/5
   321 | D:1      | Gained mutation: You have sharp toenails. [demonic
                  | ancestry]
   321 | D:1      | Reached XP level 3. HP: 22/28 MP: 6/6
   755 | D:2      | Noticed Robin
   783 | D:2      | HP: 2/28 [kobold/+0 whip (6)]
   808 | D:2      | Killed Robin
   811 | D:2      | Reached skill level 3 in Fighting
   811 | D:2      | Reached XP level 4. HP: 19/35 MP: 0/7
   912 | D:2      | Found a blossoming altar of Fedhas.
   991 | D:2      | Noticed Terence
  1029 | D:2      | Killed Terence
  1446 | D:2      | Noticed Sigmund
  1591 | D:3      | Found a white marble altar of Elyvilon.
  1644 | D:3      | Reached skill level 3 in Long Blades
  1644 | D:3      | Reached skill level 3 in Dodging
  1728 | D:3      | HP: 2/35 [orc/+0 flail (8)]
  1729 | D:3      | Slain by an orc

Levels and vault maps discovered:
D:1:      erik_arrival_gehennom, layout_loops_ring, st_stairs_1
D:2:      layout_basic, nicolae_overflow_hidden_temple, fedhas_altar_1,
          uniq_sigmund, uniq_robin, uniq_terence
D:3:      layout_loops_ring, overflow_temple_1_default, elyvilon_altar_1,
          kennysheep_big_empty_room, trog_book, uniq_crazy_yiuf_cottage

Skill      XL: |  1  2  3  4 |
---------------+-------------+-----
Long Blades    | 2 3 |  3.0
Dodging        | 2 3 |  3.0
Fighting       | 3 |  3.3
Armour         | |  0.8
Spellcasting   | |  2.0
Charms         | |  2.6

Action                   |  1- 3 |  4- 6 || total
-------------------------+-------+-------++-------
Melee: Falchion          |   102 |    74 ||   176
       Kick              |    10 |    22 ||    32
 Cast: Infusion          |     5 |     2 ||     7
  Use: Potion            |     1 |       ||     1
       Scroll            |       |     1 ||     1
  Eat: Chunk             |       |     2 ||     2
Armor: Leather armour    |    41 |    18 ||    59
Dodge: Dodged            |    88 |    50 ||   138
       Rpst.: Falchion   |    26 |    17 ||    43

Table legend:
 A = Non-vault XP
 B = Vault XP
 C = Vault XP percentage of total XP
 D = Non-vault monster count
 E = Vault monster count
 F = Vault count percentage of total count
                 A         B        C        D         E       F
            +---------+---------+-------+---------+---------+-------
      Total |      91 |      87 |  48.9 |      46 |      20 |  30.3
            +---------+---------+-------+---------+---------+-------
        D:1 |      31 |      22 |  41.5 |      19 |       7 |  26.9
        D:2 |      31 |      65 |  67.7 |      14 |      13 |  48.1
        D:3 |      29 |       0 |   0.0 |      13 |       0 |   0.0
            +---------+---------+-------+---------+---------+-------
